 Dungeon Crawl Stone Soup version 0.30.0-29-ga12c61a403 (webtiles) character file.

Game seed: 15503088996837528723

391 safid the Chiller (level 6, -4/48 HPs)
             Began as a Merfolk Ice Elementalist on June 15, 2023.
             Slain by Menkaure (14 damage)
             ... on level 5 of the Dungeon.
             The game lasted 00:05:36 (4302 turns).

safid the Chiller (Merfolk Ice Elementalist)        Turns: 4302, Time: 00:05:36

Health: -4/48      AC:  9    Str:  7 (8)  XL:     6   Next: 80%
Magic:  1/12       EV: 12    Int: 15 (16) God:
Gold:   234        SH:  0    Dex: 15      Spells: 6/13 levels left

rFire   . . .        f - +0 spear
rCold   . . .        (no shield)
rNeg    . . .        a - +0 robe
rPois   .            q - +0 helmet
rElec   .            (no cloak)
rCorr   .            (no gloves)
SInv    .            (no boots)
Will    .....        (no amulet)
Stlth   ++           (no ring)
HPRegen 0.28/turn    (no ring)
MPRegen 0.13/turn

%: no passive effects
@: ice-armoured, studying Unarmed Combat
A: (nimble swimmer 2), mertail
a: no special abilities


You were on level 5 of the Dungeon.
You visited 2 branches of the dungeon, and saw 6 of its levels.

You collected 234 gold pieces.

Inventory:

Hand Weapons
 f - a +0 spear (weapon)
Armour
 a - a +0 robe (worn)
 q - a +0 helmet (worn)
Scrolls
 c - 3 scrolls of vulnerability {unknown}
 d - 5 scrolls of identify {unknown}
 h - a scroll of torment {unknown}
 i - a scroll of blinking {unknown}
 j - 2 scrolls of teleportation {unknown}
 l - 2 scrolls of poison {unknown}
 m - 2 scrolls of amnesia {unknown}
 u - a scroll of silence {unknown}
 v - a scroll of butterflies {unknown}
 w - a scroll of fog {unknown}
 x - a scroll of brand weapon {unknown}
Potions
 b - 2 potions of magic
 e - a potion of cancellation {unknown}
 g - a potion of flight
 k - a potion of brilliance {unknown}
 n - a potion of heal wounds {unknown}
 o - a potion of curing
 p - a potion of might {unknown}
 r - 2 potions of attraction {unknown}
 s - 2 potions of haste {unknown}
 t - a potion of mutation {unknown}


   Skills:
 + Level 4.0 Fighting
 - Level 2.6 Dodging
 - Level 2.1 Stealth
 + Level 4.0 Spellcasting
 + Level 6.1 Ice Magic


You had 6 spell levels left.
You knew the following spells:

 Your Spells              Type           Power      Damage    Failure   Level
a - Freeze                Ice            84%        1d9       1%          1
b - Frozen Ramparts       Ice            42%        1d7       4%          3
c - Ozocubu's Armour      Ice            21%        N/A       4%          3

Your spell library contained the following spells:

 Spells                   Type           Power      Damage    Failure   Level
 Kiss of Death            Conj/Necr      12%        2d6       19%         1
 Summon Ice Beast         Ice/Summ       12%        N/A       45%         4
 Confusing Touch          Hex            3%         N/A       47%         3
 Dispel Undead            Necr           3%         3d7       87%         4


Dungeon Overview and Level Annotations

Branches:
Dungeon (5/15)             Temple (1/1) D:4

Altars:
Ashenzari
Cheibriados
Dithmenos
Fedhas
Hepliaklqana
Kikubaaqudgha
Makhleb
Nemelex Xobeh
Qazlal
Ru
Sif Muna
Wu Jian
Zin

Annotations:
D:5 Menkaure


Innate Abilities, Weirdness & Mutations

((You are very nimble when in or above water. (Stealth+, EV+, Speed+++)))
Your lower body shifts to a powerful aquatic tail in water.


Message History

The wall freezes Menkaure but does no damage.
Menkaure barely misses you.
Casting: Freeze (safe; 1% risk of failure)
Confirm with . or Enter, or press ? or * to list all spells.
Aiming: Freeze (safe; 1% risk of failure)
Press: ? - help, Shift-Dir - straight line, f/p - Menkaure
Aim: Menkaure (moderately damaged, fast)
You freeze Menkaure.
Menkaure resists.
Menkaure is moderately damaged.
The frozen ramparts melt away.
Menkaure hits you.
Unknown command.
Casting: Freeze (safe; 1% risk of failure)
Confirm with . or Enter, or press ? or * to list all spells.
Aiming: Freeze (safe; 1% risk of failure)
Press: ? - help, Shift-Dir - straight line, f/p - Menkaure
Aim: Menkaure (moderately damaged, fast)
You freeze Menkaure.
Menkaure resists.
Menkaure is heavily damaged.
Menkaure hits you.
Unknown command.
Casting: Freeze (safe; 1% risk of failure)
Confirm with . or Enter, or press ? or * to list all spells.
Aiming: Freeze (safe; 1% risk of failure)
Press: ? - help, Shift-Dir - straight line, f/p - Menkaure
Aim: Menkaure (heavily damaged, fast)
You freeze Menkaure.
Menkaure resists.
Menkaure is severely damaged.
Menkaure hits you but does no damage.
Unknown command.
Casting: Freeze (safe; 1% risk of failure)
Confirm with . or Enter, or press ? or * to list all spells.
Aiming: Freeze (safe; 1% risk of failure)
Press: ? - help, Shift-Dir - straight line, f/p - Menkaure
Aim: Menkaure (severely damaged, fast)
You freeze Menkaure.
Menkaure resists.
Menkaure is severely damaged.
Menkaure hits you!
* * * LOW HITPOINT WARNING * * *
Menkaure hits you!
You die...

#.# #.######.##.#.##.
#.# #......#.##......
#.# ######.#.####...#
#.# #.#.####.>.. #.#
#.#...(#.### #.#
#.#....#.# #.#
#.#.####.#
#.#########[#.#......#
#......@M...#.##########
#############...........
############


You could see Menkaure (fast).

Vanquished Creatures
  A bullfrog (D:5)
  A scorpion (D:3)
  A hound (D:4)
  2 iguanas (D:5)
  Terence (D:3)
  Robin (D:3)
  5 adders
  3 worms
  4 dart slugs
  An orc (D:3)
  5 endoplasms
  3 giant cockroaches
  9 hobgoblins
  4 jackals (D:4)
  5 quokkas
  6 ball pythons
  2 bats (D:1)
  A frilled lizard (D:1)
  13 goblins
  9 kobolds
  7 rats (D:1)
84 creatures vanquished.

Notes
Turn   | Place    | Note
-------+----------+-------------------------------------------
     0 | D:1      | safid the Merfolk Ice Elementalist began the quest for the
                  | Orb.
     0 | D:1      | Reached XP level 1. HP: 13/13 MP: 3/3
   268 | D:1      | Reached XP level 2. HP: 17/20 MP: 1/5
   363 | D:1      | Reached skill level 1 in Fighting
   842 | D:2      | Reached XP level 3. HP: 23/26 MP: 6/6
  1123 | D:2      | Learned a level 3 spell: Frozen Ramparts
  1127 | D:2      | Learned a level 3 spell: Ozocubu's Armour
  1220 | D:2      | Found a faded altar of an unknown god.
  1736 | D:2      | Reached skill level 5 in Ice Magic
  1736 | D:2      | Reached XP level 4. HP: 33/33 MP: 4/8
  2442 | D:3      | Noticed Terence
  2460 | D:3      | Killed Terence
  2621 | D:3      | Noticed Robin
  2631 | D:3      | Killed Robin
  2632 | D:3      | Reached XP level 5. HP: 32/39 MP: 3/9
  3121 | D:4      | Found a staircase to the Ecumenical Temple.
  3133 | Temple   | Entered the Ecumenical Temple
  3591 | D:4      | Reached XP level 6. HP: 37/47 MP: 4/11
  3929 | D:5      | Entered Level 5 of the Dungeon
  4023 | D:5      | Reached skill level 6 in Ice Magic
  4210 | D:5      | Noticed a wraith
  4288 | D:5      | Noticed Menkaure
  4302 | D:5      | Slain by Menkaure

Illustrated notes

Levels and vault maps discovered:
D:1:      dpeg_arrival_castle, layout_rooms
D:2:      layout_basic, shapermc_ecumenical_altar_starsandcircs
D:3:      minmay_wonky_spiral, layout_loops_cross, uniq_robin, uniq_terence
D:4:      layout_rooms, minmay_temple_entry_antechambers,
          kennysheep_generic_room_16
D:5:      layout_basic, uniq_ijyb, uniq_menkaure
Temple:   hellmonk_temple_forest_ring

Skill      XL: |  1  2  3  4  5  6 |
---------------+-------------------+-----
Fighting       | 1 2 3 4 |  4.0
Ice Magic      | 5 6 |  6.1
Spellcasting   | 3 4 |  4.0
Dodging        | |  2.6
Stealth        | |  2.1

Action                     |  1- 3 |  4- 6 || total
---------------------------+-------+-------++-------
  Melee: Spear             |    82 |   101 ||   183
         Unarmed           |     3 |       ||     3
   Cast: Freeze            |    36 |    29 ||    65
         Frozen Ramparts   |       |    11 ||    11
         Ozocubu's Armour  |       |     6 ||     6
    Use: Potion            |       |     3 ||     3
   Stab: Sleeping          |     1 |    11 ||    12
 Armour: Robe              |    19 |    19 ||    38
  Dodge: Dodged            |    64 |    55 ||   119
